 Dungeon Crawl Stone Soup version 0.21.1-1-g345015f (webtiles) character file.

224 vatarom the Firebug (level 5, -1/43 HPs)
             Began as a Deep Elf Fire Elementalist on Mar 29, 2018.
             Was an Initiate of Vehumet.
             Slain by Grinder (3 damage)
             ... on level 2 of the Dungeon.
             The game lasted 00:10:46 (3179 turns).

vatarom the Firebug (Deep Elf Fire Elementalist)    Turns: 3179, Time: 00:10:47

Health: -1/43      AC: 22    Str:  2 (5)  XL:     5   Next: 67%
Magic:  1/13       EV:  2    Int: 21      God:    Vehumet [......]
Gold:   99         SH:  0    Dex: 19 (20) Spells: 2/12 levels left

rFire    . . .     SeeInvis .   (no weapon)
rCold    . . .     Gourm    .   (no shield)
rNeg     + + +     Faith    .   (armour currently unavailable)
rPois    +         Spirit   .   (helmet currently unavailable)
rElec    .         Reflect  .   (cloak currently unavailable)
rCorr    +         Harm     .   (gloves currently unavailable)
MR       .....     NoTele   +   (boots currently unavailable)
Stlth    +++.......             (no amulet)
HPRegen  0.14/turn              m - ring of resist corrosion
MPRegen  0.13/turn              (no ring)

@: agile, tree-form, very slightly contaminated
A: no striking features
a: Renounce Religion


You were on level 2 of the Dungeon.
You worshipped Vehumet.
Vehumet was noncommittal.
You were full.
You were a tree.
You visited 1 branch of the dungeon, and saw 3 of its levels.

You collected 99 gold pieces.

Inventory:

Hand Weapons
 f - a +0 hunting sling
Missiles
 n - 95 stones (quivered)
Armour
 a - a +0 robe (melded)
 e - a +0 helmet (melded)
 o - a +0 pair of gloves (melded)
Jewellery
 m - a ring of resist corrosion (left branch)
Scrolls
 d - a scroll of enchant weapon {unknown}
 g - a scroll of identify
 h - a scroll of remove curse
 l - a scroll of amnesia {unknown}
Books
 b - a book of Flames

   Spells                             Type                      Level
   a - Flame Tongue                   Conjuration/Fire             1
   b - Throw Flame                    Conjuration/Fire             2
   c - Conjure Flame                  Conjuration/Fire             3
   d - Inner Flame                    Hexes/Fire                   3
   e - Sticky Flame                   Conjuration/Fire             4
   f - Fireball                       Conjuration/Fire             5
Comestibles
 c - 2 rations


   Skills:
 + Level 1.2 Fighting
 - Level 2.4 Dodging
 - Level 2.4 Stealth
 + Level 4.3 Spellcasting
 * Level 3.7 Conjurations
 * Level 5.0 Fire Magic


You had 2 spell levels left.
You knew the following spells:

 Your Spells              Type           Power        Failure   Level  Hunger
a - Flame Tongue          Conj/Fire      ###..        1%          1    None
b - Throw Flame           Conj/Fire      ###...       3%          2    #......
c - Conjure Flame         Conj/Fire      ###.....     6%          3    ##.....
d - Sticky Flame          Conj/Fire      ###.....     19%         4    ####...


Dungeon Overview and Level Annotations

Branches:
Dungeon (3/15)

Altars:
Uskayaw
Vehumet
Zin
The Shining One

Annotations:
D:2 Grinder


Message History

Confirm with . or Enter, or press ? or * to list all spells.
Aiming: Flame Tongue
Press: ? - help, Shift-Dir - straight line, f - Grinder
Aim: Grinder (severely wounded)
You miscast Flame Tongue.
Nothing appears to happen.
Grinder hits you but does no damage.
Casting: Flame Tongue
Confirm with . or Enter, or press ? or * to list all spells.
Aiming: Flame Tongue
Press: ? - help, Shift-Dir - straight line, f/p - Grinder
Aim: Grinder (severely wounded)
The flame tongue misses Grinder.
Grinder hits you but does no damage.
You hit Grinder.
Grinder is severely wounded.
Grinder hits you but does no damage.
You hit Grinder.
Grinder is severely wounded.
Grinder says, "FISH!"
Grinder hits you.
You die...

#.#...........#.....####.#[###
#.#.......###<..##............
#...)###### ##.###...###.#....
###....### #.###...###.#.###
##..(.....#######.............#
#
..............................#
#
##........######.####.#.#######
# #.##...### #.####.#.#########
#.##...# #♣5....#..........
#.####[# ##################
#.####.##### # #.##.......# #
#.##.......# # #.##.......# #
#.##.......# # #.##.......# #
#.##.......# #


You could see Grinder.

Vanquished Creatures
  3 orc wizards
  5 adders
  An ooze (D:1)
  17 orcs
  A ball python (D:3)
  5 bats
  3 giant cockroaches (D:3)
  7 goblins
  7 hobgoblins
  10 jackals
  A quokka (D:3)
  3 frilled lizards
  6 kobolds
  6 rats
75 creatures vanquished.

Notes
Turn   | Place    | Note
-------+----------+-------------------------------------------
     0 | D:1      | vatarom the Deep Elf Fire Elementalist began the quest for the Orb.
     0 | D:1      | Reached XP level 1. HP: 10/10 MP: 6/6
   145 | D:1      | Reached XP level 2. HP: 15/15 MP: 5/8
   486 | D:1      | Learned a level 2 spell: Throw Flame
   673 | D:2      | Noticed a hand axe
   673 | D:2      | Noticed a hand axe
   678 | D:2      | Found a hide-covered altar of Uskayaw.
   734 | D:2      | Reached XP level 3. HP: 19/19 MP: 6/9
   765 | D:2      | Learned a level 3 spell: Conjure Flame
   972 | D:2      | Reached skill level 4 in Fire Magic
  1522 | D:2      | Reached XP level 4. HP: 13/24 MP: 3/11
  2216 | D:3      | Reached XP level 5. HP: 19/28 MP: 10/13
  2615 | D:3      | Learned a level 4 spell: Sticky Flame
  2659 | D:3      | Reached skill level 1 in Fighting
  2962 | D:3      | Found a radiant altar of Vehumet.
  2965 | D:3      | Found a glowing golden altar of the Shining One.
  2970 | D:3      | Became a worshipper of Vehumet
  2976 | D:3      | Found a glowing silver altar of Zin.
  3058 | D:3      | Reached skill level 5 in Fire Magic
  3063 | D:3      | Noticed Grinder
  3066 | D:3      | Paralysed by Grinder for 7 turns
  3160 | D:3      | Paralysed by Grinder for 6 turns
  3172 | D:3      | HP: 1/29 [Grinder (9)]
  3179 | D:2      | Slain by Grinder

Skill      XL: |  1  2  3  4  5 |
---------------+----------------+-----
Conjurations   | 2 3 |  3.7
Fire Magic     | 4 5 |  5.0
Spellcasting   | 4 |  4.3
Fighting       | 1 |  1.2
Dodging        | |  2.4
Stealth        | |  2.4

Action                   |  1- 3 |  4- 6 || total
-------------------------+-------+-------++-------
Melee: Unarmed           |     6 |    17 ||    23
 Cast: Flame Tongue      |    58 |    70 ||   128
       Throw Flame       |     3 |     6 ||     9
       Sticky Flame      |       |     2 ||     2
  Use: Scroll            |     3 |     3 ||     6
       Potion            |       |     7 ||     7
  Eat: Chunk             |     1 |     2 ||     3
       Ration            |       |     3 ||     3
Armor: Robe              |     4 |    13 ||    17
       Skin              |       |    97 ||    97
Dodge: Dodged            |    15 |    73 ||    88
